 Dungeon Sprint DCSS version 0.25-b1-37-g2669288c55 (webtiles) character file.

Game seed: 8716787459712251307

18 Groucho the Sneak (level 2, -5/13 HPs)
             Began as a Spriggan Enchanter on June 6, 2020.
             Was a Believer of Dithmenos.
             Slain by a fire bat (8 damage)
             ... in the Dungeon (Sprint VII: "The Pits").
             The game lasted 00:01:00 (315 turns).

Groucho the Sneak (Spriggan Enchanter)               Turns: 315, Time: 00:01:01

Health: -5/13      AC:  2    Str:  4    XL:     2   Next: 48%
Magic:  6/8        EV: 18    Int: 16    God:    Dithmenos [**....]
Gold:   0          SH:  0    Dex: 16    Spells: 8/9 levels left

rFire    . . .     SeeInvis +   c - +2 dagger
rCold    . . .     Gourm    .   (shield restricted)
rNeg     . . .     Faith    .   b - +0 robe
rPois    .         Spirit   .   (helmet restricted)
rElec    .         Reflect  .   (no cloak)
rCorr    .         Harm     .   (gloves unavailable)
MR       .....     NoTele   +   (boots unavailable)
Stlth    +++++.....             (no amulet)
HPRegen  0.04/turn              (no ring)
MPRegen  0.11/turn              (no ring)

@: very slightly contaminated, wreathed by umbra, invisible, very quick
A: very small, unfitting armour, see invisible, herbivore, speed 3, slow
metabolism 2
a: Shadow Step, Renounce Religion


You were in the Dungeon.
You worshipped Dithmenos.
Dithmenos was pleased with you.
You were not hungry.

You visited 1 branch

Inventory:

Hand Weapons
 c - a +2 dagger (weapon)
Missiles
 n - 10 stones (quivered)
Armour
 b - a +0 robe (worn)
Scrolls
 j - a scroll of blinking
 k - 3 scrolls of remove curse
 l - 5 scrolls of amnesia
 m - a scroll of summoning
Potions
 a - a potion of invisibility
 f - a potion of heal wounds
 g - a potion of haste
 h - 4 potions of magic
 i - 3 potions of berserk rage
Comestibles
 d - 9 rations


   Skills:
 - Level 1.1 Short Blades
 - Level 3.0 Dodging
 * Level 7.2 Stealth
 + Level 4.1 Spellcasting
 + Level 4.7 Hexes


You had 8 spell levels left.
You knew the following spells:

 Your Spells              Type           Power        Failure   Level  Hunger
a - Corona                Hex            ###....      2%          1    None

Your spell library contained the following spells:

 Spells                   Type           Power        Failure   Level  Hunger
 Confusing Touch          Hex            ###.....     7%          3    ###....
 Tukima's Dance           Hex            ###.....     7%          3    ###....
 Ensorcelled Hibernation  Hex/Ice        ##....       10%         2    ##.....
 Dazzling Flash           Conj/Hex       ##....       19%         3    ###....


Dungeon Overview and Level Annotations

Branches:
Dungeon (1/1)

Altars:
Ashenzari
Cheibriados
Dithmenos
Elyvilon
Fedhas
Gozag
Hepliaklqana
Kikubaaqudgha
Makhleb
Nemelex Xobeh
Okawaru
Qazlal
Ru
Sif Muna
Trog
Uskayaw
Vehumet
Wu Jian
Xom
Yredelemnul
Zin
The Shining One
Beogh
Jiyva
Lugonu


Innate Abilities, Weirdness & Mutations

You are very small and have problems with some larger weapons.
You are too small for most types of armour.
You have supernaturally acute eyesight. (SInv)
You are a herbivore.
You cover ground extremely quickly.
You need to consume almost no food.


Message History

The kobold barely misses you.
You hit the kobold.
You kill the kobold!
Dithmenos accepts your kill.
You can now step into the shadows of nearby creatures.
The fire bat barely misses you.
You catch the helpless ufetubus completely off-guard!
You impale the ufetubus!!
You kill the ufetubus!
Dithmenos accepts your kill.
Your Stealth skill increases to level 7!
Your Spellcasting skill increases to level 4!
The fire bat misses you.
You hit the giant cockroach.
The giant cockroach is heavily wounded.
The fire bat bites you.
* * * LOW HITPOINT WARNING * * *
You are engulfed in flames!
Ouch! That really hurt!
You die...

#_________.#
#_________.#
#_______...###########+
##########'##..........
#.?|.')))'.##......#..#
##########.##..........
#..........)'..........
+#####'#####......#..#
#.†#@†#..##..........
#).sb.'..#####'#####+
##'####+###.......#
#....5...##.......#
#...s....##.......#
#####+#####...<...#
#.......# #.......#
#.......#


You could see a fire bat and a giant cockroach (wandering).

Vanquished Creatures
  2 ufetubi (D)
  A leopard gecko (D)
  2 ball pythons (D)
  A hobgoblin (D)
  2 kobolds (D)
8 creatures vanquished.

Vanquished Creatures (others)
  An iron dragon (D)
1 creature vanquished.

Grand Total: 9 creatures vanquished

Notes
Turn   | Place    | Note
-------+----------+-------------------------------------------
     0 | D        | Groucho the Spriggan Enchanter began the quest for the Orb.
     0 | D        | Reached XP level 1. HP: 9/9 MP: 5/5
    11 | D        | Reached skill level 5 in Stealth
    41 | D        | Found a bloodstained altar of Trog.
    41 | D        | Found a shimmering blue altar of Sif Muna.
    41 | D        | Found a viscous altar of Jiyva.
    41 | D        | Found a hazy altar of Hepliaklqana.
    41 | D        | Found an opulent altar of Gozag.
    42 | D        | Found a glowing golden altar of the Shining One.
    42 | D        | Found a glowing silver altar of Zin.
    42 | D        | Found a basalt altar of Yredelemnul.
    42 | D        | Found a shimmering altar of Xom.
    42 | D        | Found an ornate altar of the Wu Jian Council.
    42 | D        | Found a sacrificial altar of Ru.
    42 | D        | Found a stormy altar of Qazlal.
    42 | D        | Found an iron altar of Okawaru.
    42 | D        | Found a sparkling altar of Nemelex Xobeh.
    42 | D        | Found a burning altar of Makhleb.
    42 | D        | Found a blossoming altar of Fedhas.
    42 | D        | Found a white marble altar of Elyvilon.
    42 | D        | Found a shadowy altar of Dithmenos.
    42 | D        | Found a snail-covered altar of Cheibriados.
    44 | D        | Found a radiant altar of Vehumet.
    44 | D        | Found a corrupted altar of Lugonu.
    44 | D        | Found a roughly hewn altar of Beogh.
    45 | D        | Found a hide-covered altar of Uskayaw.
    45 | D        | Found an ancient bone altar of Kikubaaqudgha.
    45 | D        | Found a shattered altar of Ashenzari.
    52 | D        | Became a worshipper of Dithmenos the Shadowed
   106 | D        | Killed an iron dragon
   291 | D        | Reached skill level 6 in Stealth
   291 | D        | Reached XP level 2. HP: 13/13 MP: 5/7
   293 | D        | Reached * piety under Dithmenos
   305 | D        | Noticed a fire bat
   313 | D        | Reached ** piety under Dithmenos
   314 | D        | Reached skill level 7 in Stealth
   315 | D        | Slain by a fire bat

Illustrated notes

Levels and vault maps discovered:
D:        pitsprint [storerooms_1, entrance_room_1, metal_vault_7, armoury_2,
          mini_pit_1, grid_room_1, main_hall_1, silver_pit, the_coven_2,
          the_vestibule_1, steel_vault_2, golden_pit, hallway_of_sentries,
          crystal_vault_4, iron_vault_2, final_vault]

Skill      XL: |  1  2 |
---------------+-------+-----
Stealth        | 6 7 |  7.2
Spellcasting   | 3 4 |  4.1
Hexes          | 4 |  4.7
Short Blades   | |  1.1
Dodging        | |  3.0

Action                   || total
-------------------------++-------
Melee: Dagger            ||    14
  Use: Potion            ||     2
 Stab: Sleeping          ||     4
       Invisible         ||     1
Armor: Robe              ||     1
Dodge: Dodged            ||    14
